Bruins vs Oilers
Created - 27 mars 2015 at 19:08
Goals
|
| Bruins |
2 |
1 |
1 |
4 |
| Oilers |
0 |
1 |
4 |
5 |
|
Shots
|
| Bruins |
9 |
7 |
6 |
22 |
| Oilers |
10 |
11 |
15 |
36 |
|
1st period
1. Bruins , Eric Lindros 31 (Wojtek Wolski) at 4:50 (PP)
2. Bruins , Eric Lindros 32 (Ryan O'Byrne, Andrew Alberts) at 18:03 (PP)
Penalties :
Ilya Kovalchuk (Edm) for Interference (Minor) at 3:38, Steve Begin (Edm) for Roughing (Minor) at 7:23, Christian Ehrhoff (Edm) for Hooking (Minor) at 17:51
2nd period
3. Oilers , Adam Burish 22 (Rob Scuderi, Sebastien Caron) at 15:18
4. Bruins , Scottie Upshall 18 (Sydney Crosby, Victor Oreskovich) at 16:48
Penalties :
No Penalty
3rd period
5. Oilers , Patrick Kane 48 (Pavel Datsyuk) at 7:54 (PP)
6. Bruins , Victor Oreskovich 10 (Scottie Upshall, Sydney Crosby) at 8:54
7. Oilers , Jonathan Toews 29 (Patrick Kaleta, Ilya Kovalchuk) at 9:41 (PP)
8. Oilers , Patrick Kaleta 18 (Ilya Kovalchuk, Jonathan Toews) at 9:48
9. Oilers , Ilya Kovalchuk 47 (Patrick Kaleta, Jonathan Toews) at 16:02 (PP)
Penalties :
Victor Oreskovich (Bos) for Hooking (Minor) at 7:38, Victor Oreskovich (Bos) for Interference (Minor) at 9:33, Olli Jokinen (Edm) for Hooking (Minor) at 13:10, Vitali Yachmenev (Bos) for Hooking (Minor) at 15:45, Viktor Stalberg (Bos) for Tripping (Minor) at 18:53
Goalie Stats
Karri Ramo (Bos), 31 saves from 36 shots - (0,861), L, 8-11-2, 60:00 minutes
Cam Ward (Edm), 3 saves from 3 shots - (1,000), W, 31-24-5, 11:06 minutes
Sebastien Caron (Edm), 15 saves from 19 shots - (0,789), 48:54 minutes
Players Stats for Bruins
Player Name G A P +/- PIM S H SB GA TA FO MP PP MP PK MP
------------------------------------------------------------------------------------
Andrei Markov 0 0 0 -1 0 1 1 1 0 0 0/0 19:56 3:35 0:32
Andrew Alberts 0 1 1 1 0 0 0 2 1 0 0/0 24:13 1:47 1:15
Brian Rafalski 0 0 0 -1 0 0 0 2 0 3 0/0 19:56 3:35 0:32
Christoph Schubert 0 0 0 0 0 0 0 0 0 1 0/0 5:17 0:00 0:00
Dainius Zubrus 0 0 0 -1 0 1 1 0 0 0 0/0 14:26 0:03 0:00
Eric Lindros 2 0 2 -1 0 6 0 1 0 0 13/30 25:39 3:20 1:32
Jason Demers 0 0 0 0 0 0 0 0 0 0 0/0 10:34 0:00 0:00
Mark Stuart 0 0 0 0 0 0 0 2 0 1 0/0 10:34 0:00 0:00
Matt Cooke 0 0 0 0 0 2 2 0 1 0 0/0 14:32 0:06 0:00
Matt Hendricks 0 0 0 -1 0 0 1 1 0 0 4/8 14:21 0:00 0:00
Ryan O'Byrne 0 1 1 1 0 0 1 1 0 1 0/0 24:13 1:47 1:15
Scottie Upshall 1 1 2 1 0 2 4 1 0 0 0/0 19:29 1:59 0:15
Sydney Crosby 0 2 2 2 0 1 1 0 1 0 5/11 19:23 1:59 0:15
Tom Gilbert 0 0 0 0 0 0 0 0 0 1 0/0 5:17 0:00 0:00
Victor Oreskovich 1 1 2 2 4 1 2 0 0 0 0/0 19:06 1:59 0:00
Viktor Stalberg 0 0 0 0 2 2 0 0 0 0 1/1 6:14 0:06 0:00
Vitali Yachmenev 0 0 0 -1 2 2 4 1 0 1 1/2 19:24 3:17 0:00
Wojtek Wolski 0 1 1 -1 0 4 1 1 0 0 3/16 25:35 3:17 1:32
Players Stats for Oilers
Player Name G A P +/- PIM S H SB GA TA FO MP PP MP PK MP
------------------------------------------------------------------------------------
Adam Burish 1 0 1 0 0 2 3 0 1 0 0/1 13:18 0:00 2:19
Christian Ehrhoff 0 0 0 -1 2 2 1 0 0 0 0/0 26:02 1:15 3:03
Eric Nystrom 0 0 0 0 0 4 2 0 1 0 0/1 11:22 0:00 0:52
Ian White 0 0 0 -1 0 1 1 4 0 0 0/0 26:15 1:15 3:15
Ilya Kovalchuk 1 2 3 0 2 9 2 0 0 0 0/1 19:17 0:51 1:02
Jonathan Toews 1 2 3 0 0 1 1 1 0 0 13/22 18:17 0:51 0:16
Lubos Bartecko 0 0 0 0 0 0 2 0 0 1 0/0 7:01 0:00 0:00
Olli Jokinen 0 0 0 0 2 0 1 0 0 0 4/6 10:31 0:00 0:00
Patrick Kaleta 1 2 3 0 0 2 1 0 1 0 2/2 18:01 0:51 0:00
Patrick Kane 1 0 1 0 0 4 1 0 3 0 0/1 18:35 0:56 0:00
Pavel Datsyuk 0 1 1 0 0 2 5 1 1 0 20/27 21:08 0:56 2:19
Peter Regin 0 0 0 0 0 2 1 0 1 0 0/4 9:30 0:00 2:27
Rob Scuderi 0 1 1 1 0 1 2 2 0 0 0/0 17:42 0:00 2:07
Scott Niedermayer 0 0 0 1 0 1 2 0 0 1 0/0 20:46 0:32 2:07
Steve Begin 0 0 0 0 2 1 0 0 0 0 0/0 9:00 0:00 1:29
Steve Staios 0 0 0 0 0 2 1 1 0 0 0/0 13:11 0:00 0:12
Tomas Fleischmann 0 0 0 0 0 1 3 0 0 0 2/3 18:35 0:56 0:00
Zach Bogosian 0 0 0 0 0 1 1 0 0 1 0/0 16:03 0:32 0:00
3 Stars
1 - Scottie Upshall (Bos)
2 - Jonathan Toews (Edm)
3 - Patrick Kaleta (Edm)
Power Play
Bruins - 2 on 4 Attempt(s) - 50,00%
Oilers - 3 on 4 Attempt(s) - 75,00%
Penalty Kill
Bruins - 1 on 4 Attempt(s) - 25,00%
- Score 0 goal in Penalty Kill
Oilers - 2 on 4 Attempt(s) - 50,00%
- Score 0 goal in Penalty Kill
Team Stat
Bruins - Hits : 18 - Faceoff Wins : 27 - Blocked Shots : 13 - Penalty Minutes : 8
Oilers - Hits : 30 - Faceoff Wins : 41 - Blocked Shots : 9 - Penalty Minutes : 8
Official
Referees : Walkom Stephen and Morton Dean
Linesman : Derek Nansen and Derek Amell
Game Notes
Cam Ward enters game at 8:54 of 3rd period
Finance
Level 1 -- Attendance: 4817 (80,28%) -- Ticket Income 419 079 $
Level 2 -- Attendance: 3943 (78,86%) -- Ticket Income 208 979 $
Level 3 -- Attendance: 1563 (78,15%) -- Ticket Income 50 016 $
Level 4 -- Attendance: 3545 (88,63%) -- Ticket Income 74 445 $
Luxury Box -- Attendance: 1000 (100,00%) -- Ticket Income 162 000 $
Game was played at the Rexall Place'
Total Attendance: 14868 (82,60%)
Total Ticket Income: 914 519 $
Other Income: 137 178 $
Total Income: 1 051 697 $
Bruins
5 vs 5 Forward
Center Left Wing Right Wing Time % Phy DF OF
1 Eric Lindros Wojtek Wolski Vitali Yachmenev 40 1 2 2
2 Sydney Crosby Scottie Upshall Victor Oreskovich 30 1 2 2
3 Matt Hendricks Matt Cooke Dainius Zubrus 20 1 2 2
4 Wojtek Wolski Viktor Stalberg Eric Lindros 10 1 2 2
5 vs 5 Defense
Defense Defense Time % Phy DF OF
1 Andrew Alberts Ryan O'Byrne 40 1 2 2
2 Andrei Markov Brian Rafalski 30 1 2 2
3 Mark Stuart Jason Demers 20 1 2 2
4 Christoph Schubert Tom Gilbert 10 1 2 2
PowerPlay Forward
Center Left Wing Right Wing Time % Phy DF OF
1 Eric Lindros Wojtek Wolski Vitali Yachmenev 60 1 2 2
2 Sydney Crosby Scottie Upshall Victor Oreskovich 40 1 2 2
PowerPlay Defense
Defense Defense Time % Phy DF OF
1 Andrew Alberts Ryan O'Byrne 60 1 2 2
2 Andrei Markov Brian Rafalski 40 1 2 2
Penalty Kill 4 Players Forward
Center Wing Time % Phy DF OF
1 Wojtek Wolski Eric Lindros 60 1 2 2
2 Sydney Crosby Scottie Upshall 40 1 2 2
Penalty Kill 4 Players Defense
Defense Defense Time % Phy DF OF
1 Andrew Alberts Ryan O'Byrne 60 1 2 2
2 Andrei Markov Brian Rafalski 40 1 2 2
Penalty Kill - 3 Players Forward
Forward Time % Phy DF OF
1 Wojtek Wolski 60 1 2 2
2 Eric Lindros 40 1 2 2
Penalty Kill - 3 Players Defense
Defense Defense Time % Phy DF OF
1 Andrew Alberts Ryan O'Byrne 60 1 2 2
2 Andrei Markov Brian Rafalski 40 1 2 2
4 vs 4 Forward
Center Wing Time % Phy DF OF
1 Wojtek Wolski Eric Lindros 60 1 2 2
2 Sydney Crosby Scottie Upshall 40 1 2 2
4 vs 4 Defense
Defense Defense Time % Phy DF OF
1 Andrew Alberts Ryan O'Byrne 60 1 2 2
2 Andrei Markov Brian Rafalski 40 1 2 2
Last Minutes Offensive
Center Left Wing Right Wing Defense Defense
Eric Lindros Wojtek Wolski Vitali Yachmenev Andrew Alberts Ryan O'Byrne
Last Minutes Defensive
Center Left Wing Right Wing Defense Defense
Eric Lindros Wojtek Wolski Vitali Yachmenev Andrew Alberts Ryan O'Byrne
Goaltenders
Starting : Karri Ramo
Backup : Nikolai Khabibulin
Extra Forwards
Normal : Matt Cooke, Viktor Stalberg, Dainius Zubrus - PP : Matt Cooke, Viktor Stalberg - PK : Dainius Zubrus
Extra Defensemen
Normal : Mark Stuart, Jason Demers, Christoph Schubert - PP : Mark Stuart - PK : Jason Demers, Christoph Schubert
Penalty Shots
Wojtek Wolski, Eric Lindros, Sydney Crosby, Scottie Upshall, Matt Cooke
Oilers
5 vs 5 Forward
Center Left Wing Right Wing Time % Phy DF OF
1 Pavel Datsyuk Tomas Fleischmann Patrick Kane 38 1 2 2
2 Jonathan Toews Ilya Kovalchuk Patrick Kaleta 37 1 2 2
3 Olli Jokinen Eric Nystrom Adam Burish 16 1 2 2
4 Peter Regin Steve Begin Lubos Bartecko 9 1 2 2
5 vs 5 Defense
Defense Defense Time % Phy DF OF
1 Ian White Christian Ehrhoff 40 1 2 2
2 Scott Niedermayer Rob Scuderi 30 1 2 2
3 Zach Bogosian Steve Staios 24 1 2 2
4 Scott Niedermayer Zach Bogosian 6 1 2 2
PowerPlay Forward
Center Left Wing Right Wing Time % Phy DF OF
1 Pavel Datsyuk Tomas Fleischmann Patrick Kane 50 0 2 3
2 Jonathan Toews Ilya Kovalchuk Patrick Kaleta 50 0 2 3
PowerPlay Defense
Defense Defense Time % Phy DF OF
1 Ian White Christian Ehrhoff 50 1 2 2
2 Zach Bogosian Scott Niedermayer 50 1 2 2
Penalty Kill 4 Players Forward
Center Wing Time % Phy DF OF
1 Pavel Datsyuk Adam Burish 50 1 3 1
2 Peter Regin Steve Begin 50 1 3 1
Penalty Kill 4 Players Defense
Defense Defense Time % Phy DF OF
1 Ian White Christian Ehrhoff 50 1 3 1
2 Scott Niedermayer Rob Scuderi 50 1 3 1
Penalty Kill - 3 Players Forward
Forward Time % Phy DF OF
1 Pavel Datsyuk 50 1 4 0
2 Jonathan Toews 50 1 4 0
Penalty Kill - 3 Players Defense
Defense Defense Time % Phy DF OF
1 Ian White Christian Ehrhoff 50 1 4 0
2 Scott Niedermayer Rob Scuderi 50 1 4 0
4 vs 4 Forward
Center Wing Time % Phy DF OF
1 Pavel Datsyuk Patrick Kane 50 1 2 2
2 Jonathan Toews Ilya Kovalchuk 50 1 2 2
4 vs 4 Defense
Defense Defense Time % Phy DF OF
1 Ian White Christian Ehrhoff 50 1 2 2
2 Scott Niedermayer Rob Scuderi 50 1 2 2
Last Minutes Offensive
Center Left Wing Right Wing Defense Defense
Pavel Datsyuk Ilya Kovalchuk Patrick Kane Ian White Scott Niedermayer
Last Minutes Defensive
Center Left Wing Right Wing Defense Defense
Pavel Datsyuk Ilya Kovalchuk Patrick Kane Ian White Rob Scuderi
Goaltenders
Starting : Sebastien Caron
Backup : Cam Ward
Extra Forwards
Normal : Ilya Kovalchuk, Pavel Datsyuk, Patrick Kane - PP : Patrick Kaleta, Peter Regin - PK : Ilya Kovalchuk
Extra Defensemen
Normal : Scott Niedermayer, Christian Ehrhoff, Ian White - PP : Steve Staios - PK : Steve Staios, Zach Bogosian
Penalty Shots
Ilya Kovalchuk, Patrick Kane, Pavel Datsyuk, Jonathan Toews, Olli Jokinen
% Time on Ice - Bruins
Lines # - Real PCT - Wanted PCT - Time Play
Normal Forward
1 - 31% - 40% - 16:10
2 - 32% - 30% - 17:09
3 - 27% - 20% - 14:06
4 - 10% - 10% - 5:26
Normal Defense
1 - 40% - 40% - 21:11
2 - 30% - 30% - 15:49
3 - 20% - 20% - 10:34
4 - 10% - 10% - 5:17
PP Forward
1 - 63% - 60% - 3:23
2 - 37% - 40% - 1:59
PP Defense
1 - 33% - 60% - 1:47
2 - 67% - 40% - 3:35
PK Forward
1 - 86% - 60% - 1:32
2 - 14% - 40% - 0:15
PK Defense
1 - 70% - 60% - 1:15
2 - 30% - 40% - 0:32
PK3 Forward
1 - 0% - 60%
2 - 0% - 40%
PK3 Defense
1 - 0% - 60%
2 - 0% - 40%
44 Forward
1 - 0% - 60%
2 - 0% - 40%
44 Defense
1 - 0% - 60%
2 - 0% - 40%
Last Minute Offensive - 0:00
Last Minute Defensive - 0:00
Total
Forward - 60:00
Defense - 60:00
|
% Time on Ice - Oilers
Lines # - Real PCT - Wanted PCT - Time Play
Normal Forward
1 - 34% - 38% - 18:08
2 - 33% - 37% - 17:12
3 - 20% - 16% - 10:30
4 - 13% - 9% - 7:01
Normal Defense
1 - 41% - 40% - 21:45
2 - 29% - 30% - 15:35
3 - 25% - 24% - 12:59
4 - 5% - 6% - 2:32
PP Forward
1 - 52% - 50% - 0:56
2 - 48% - 50% - 0:51
PP Defense
1 - 70% - 50% - 1:15
2 - 30% - 50% - 0:32
PK Forward
1 - 49% - 50% - 2:39
2 - 51% - 50% - 2:43
PK Defense
1 - 61% - 50% - 3:15
2 - 39% - 50% - 2:07
PK3 Forward
1 - 0% - 50%
2 - 0% - 50%
PK3 Defense
1 - 0% - 50%
2 - 0% - 50%
44 Forward
1 - 0% - 50%
2 - 0% - 50%
44 Defense
1 - 0% - 50%
2 - 0% - 50%
Last Minute Offensive - 0:00
Last Minute Defensive - 0:00
Total
Forward - 60:00
Defense - 60:00
|
Play by Play
1st period
0:01 of 1st period - Pavel Datsyuk wins face-off versus Eric Lindros in neutral zone.
0:04 of 1st period - Slapshot by Ian White.
0:04 of 1st period - Deflect By Patrick Kane.
0:04 of 1st period - Shot Misses the Net.
0:04 of 1st period - Puck is out of play.
0:05 of 1st period - Pavel Datsyuk wins face-off versus Wojtek Wolski in Bruins zone.
1:36 of 1st period - Mark Stuart is hit by Patrick Kane and loses puck.
1:55 of 1st period - Ilya Kovalchuk is hit by Vitali Yachmenev and loses puck.
2:19 of 1st period - Icing by Rob Scuderi.
2:20 of 1st period - Eric Lindros wins face-off versus Adam Burish in Oilers zone.
2:21 of 1st period - Slapshot by Wojtek Wolski.
2:21 of 1st period - Stopped by Sebastien Caron without a rebound.
2:22 of 1st period - Eric Lindros wins face-off versus Olli Jokinen in Oilers zone.
2:25 of 1st period - Wrist shot by Eric Lindros.
2:25 of 1st period - Shot Blocked by Steve Staios.
2:47 of 1st period - Ryan O'Byrne is hit by Pavel Datsyuk and loses puck.
3:16 of 1st period - Rob Scuderi is hit by Matt Hendricks and loses puck.
3:35 of 1st period - Snap shot by Wojtek Wolski.
3:35 of 1st period - Stopped by Sebastien Caron without a rebound.
3:36 of 1st period - Jonathan Toews wins face-off versus Eric Lindros in Oilers zone.
3:38 of 1st period - Minor Penalty to Ilya Kovalchuk for Interference.
3:39 of 1st period - Pavel Datsyuk wins face-off versus Eric Lindros in Oilers zone.
4:10 of 1st period - Snap shot by Wojtek Wolski.
4:10 of 1st period - Shot Blocked by Ian White.
4:12 of 1st period - Slapshot by Andrei Markov.
4:12 of 1st period - Shot Blocked by Ian White.
4:14 of 1st period - Snap shot by Wojtek Wolski.
4:14 of 1st period - Shot Misses the Net.
4:16 of 1st period - Snap shot by Wojtek Wolski.
4:16 of 1st period - Shot Misses the Net.
4:18 of 1st period - Wrist shot by Wojtek Wolski.
4:18 of 1st period - Shot Blocked by Pavel Datsyuk.
4:50 of 1st period - Wrist shot by Eric Lindros.
4:50 of 1st period - Goal by Eric Lindros - Bruins : 1 - Oilers : 0.
4:51 of 1st period - Jonathan Toews wins face-off versus Sydney Crosby in neutral zone.
5:16 of 1st period - Dainius Zubrus is hit by Lubos Bartecko and loses puck.
5:55 of 1st period - Wrist shot by Ilya Kovalchuk.
5:55 of 1st period - Stopped by Karri Ramo without a rebound.
5:56 of 1st period - Sydney Crosby wins face-off versus Jonathan Toews in Bruins zone.
6:22 of 1st period - Wojtek Wolski is hit by Pavel Datsyuk.
6:26 of 1st period - Brian Rafalski is hit by Tomas Fleischmann and loses puck.
6:47 of 1st period - Andrew Alberts is hit by Olli Jokinen and loses puck.
7:23 of 1st period - Minor Penalty to Steve Begin for Roughing.
7:24 of 1st period - Vitali Yachmenev wins face-off versus Peter Regin in Oilers zone.
7:26 of 1st period - Snap shot by Eric Lindros.
7:26 of 1st period - Shot Misses the Net.
7:53 of 1st period - Adam Burish is hit by Scottie Upshall and loses puck.
8:49 of 1st period - Scottie Upshall is hit by Eric Nystrom and loses puck.
9:23 of 1st period - Penalty to Steve Begin is over, Steve Begin is back on ice.
10:01 of 1st period - Wrist shot by Ilya Kovalchuk.
10:01 of 1st period - Stopped by Karri Ramo with a rebound.
10:32 of 1st period - Icing by Mark Stuart.
10:33 of 1st period - Wojtek Wolski wins face-off versus Peter Regin in Bruins zone.
10:33 of 1st period - Wojtek Wolski is hit by Zach Bogosian.
10:49 of 1st period - Wrist shot by Matt Cooke.
10:49 of 1st period - Shot Misses the Net.
11:20 of 1st period - Snap shot by Matt Cooke.
11:20 of 1st period - Deflect By Dainius Zubrus.
11:20 of 1st period - Shot Blocked by Rob Scuderi.
11:20 of 1st period - Puck is out of play.
11:21 of 1st period - Matt Hendricks wins face-off versus Pavel Datsyuk in Oilers zone.
11:28 of 1st period - Snap shot by Tomas Fleischmann.
11:28 of 1st period - Stopped by Karri Ramo with a rebound.
11:30 of 1st period - Slapshot by Scott Niedermayer.
11:30 of 1st period - Deflect By Matt Cooke.
11:30 of 1st period - Stopped by Karri Ramo without a rebound.
11:31 of 1st period - Eric Lindros wins face-off versus Jonathan Toews in Bruins zone.
11:50 of 1st period - Icing by Eric Lindros.
11:51 of 1st period - Eric Lindros wins face-off versus Pavel Datsyuk in Bruins zone.
12:24 of 1st period - Snap shot by Wojtek Wolski.
12:24 of 1st period - Shot Hit the Post.
12:26 of 1st period - Snap shot by Vitali Yachmenev.
12:26 of 1st period - Shot Blocked by Ian White.
12:28 of 1st period - Wrist shot by Eric Lindros.
12:28 of 1st period - Stopped by Sebastien Caron with a rebound.
12:32 of 1st period - Wrist shot by Vitali Yachmenev.
12:32 of 1st period - Deflect By Eric Lindros.
12:32 of 1st period - Shot Misses the Net.
12:32 of 1st period - Puck is out of play.
12:33 of 1st period - Olli Jokinen wins face-off versus Sydney Crosby in Oilers zone.
12:40 of 1st period - Slapshot by Scott Niedermayer.
12:40 of 1st period - Deflect By Eric Nystrom.
12:40 of 1st period - Shot Misses the Net.
12:40 of 1st period - Puck is out of play.
12:41 of 1st period - Olli Jokinen wins face-off versus Sydney Crosby in Bruins zone.
12:44 of 1st period - Slapshot by Scott Niedermayer.
12:44 of 1st period - Shot Blocked by Ryan O'Byrne.
12:46 of 1st period - Slapshot by Scott Niedermayer.
12:46 of 1st period - Deflect By Eric Nystrom.
12:46 of 1st period - Stopped by Karri Ramo without a rebound.
12:47 of 1st period - Pavel Datsyuk wins face-off versus Eric Lindros in Bruins zone.
13:12 of 1st period - Sydney Crosby is hit by Ilya Kovalchuk and loses puck.
13:41 of 1st period - Snap shot by Dainius Zubrus.
13:41 of 1st period - Stopped by Sebastien Caron without a rebound.
13:42 of 1st period - Pavel Datsyuk wins face-off versus Eric Lindros in Oilers zone.
14:09 of 1st period - Victor Oreskovich is hit by Jonathan Toews and loses puck.
14:16 of 1st period - Wrist shot by Ilya Kovalchuk.
14:16 of 1st period - Stopped by Karri Ramo without a rebound.
14:17 of 1st period - Eric Lindros wins face-off versus Pavel Datsyuk in Bruins zone.
14:46 of 1st period - Snap shot by Ilya Kovalchuk.
14:46 of 1st period - Stopped by Karri Ramo without a rebound.
14:47 of 1st period - Sydney Crosby wins face-off versus Jonathan Toews in Bruins zone.
14:47 of 1st period - Sydney Crosby is hit by Ian White.
15:12 of 1st period - Pavel Datsyuk is hit by Vitali Yachmenev and loses puck.
15:17 of 1st period - Snap shot by Wojtek Wolski.
15:17 of 1st period - Stopped by Sebastien Caron with a rebound.
15:39 of 1st period - Wrist shot by Eric Nystrom.
15:39 of 1st period - Stopped by Karri Ramo without a rebound.
15:40 of 1st period - Jonathan Toews wins face-off versus Eric Lindros in Bruins zone.
16:17 of 1st period - Snap shot by Dainius Zubrus.
16:17 of 1st period - Shot Blocked by Jonathan Toews.
16:56 of 1st period - Wrist shot by Patrick Kane.
16:56 of 1st period - Stopped by Karri Ramo with a rebound.
17:51 of 1st period - Minor Penalty to Christian Ehrhoff for Hooking.
17:52 of 1st period - Eric Lindros wins face-off versus Peter Regin in Oilers zone.
17:55 of 1st period - Snap shot by Vitali Yachmenev.
17:55 of 1st period - Stopped by Sebastien Caron with a rebound.
17:57 of 1st period - Snap shot by Vitali Yachmenev.
17:57 of 1st period - Stopped by Sebastien Caron with a rebound.
17:59 of 1st period - Slapshot by Andrew Alberts.
17:59 of 1st period - Shot Misses the Net.
18:01 of 1st period - Slapshot by Ryan O'Byrne.
18:01 of 1st period - Shot Blocked by Ian White.
18:03 of 1st period - Wrist shot by Eric Lindros.
18:03 of 1st period - Goal by Eric Lindros - Bruins : 2 - Oilers : 0.
18:04 of 1st period - Pavel Datsyuk wins face-off versus Eric Lindros in neutral zone.
18:07 of 1st period - Andrew Alberts is hit by Pavel Datsyuk and loses puck.
18:36 of 1st period - Snap shot by Scottie Upshall.
18:36 of 1st period - Shot Misses the Net.
18:38 of 1st period - Slapshot by Ryan O'Byrne.
18:38 of 1st period - Shot Misses the Net.
18:58 of 1st period - Snap shot by Eric Nystrom.
18:58 of 1st period - Stopped by Karri Ramo without a rebound.
18:59 of 1st period - Olli Jokinen wins face-off versus Eric Lindros in Bruins zone.
Goals for this period are 2 for Bruins vs 0 for Oilers.
Shots for this period are 9 for Bruins vs 10 for Oilers.
2nd period
0:01 of 2nd period - Pavel Datsyuk wins face-off versus Wojtek Wolski in neutral zone.
0:04 of 2nd period - Andrew Alberts is hit by Rob Scuderi and loses puck.
0:17 of 2nd period - Snap shot by Pavel Datsyuk.
0:17 of 2nd period - Shot Blocked by Vitali Yachmenev.
1:12 of 2nd period - Snap shot by Ian White.
1:12 of 2nd period - Stopped by Karri Ramo without a rebound.
1:13 of 2nd period - Viktor Stalberg wins face-off versus Olli Jokinen in Bruins zone.
1:17 of 2nd period - Off-side.
1:18 of 2nd period - Eric Lindros wins face-off versus Eric Nystrom in neutral zone.
1:26 of 2nd period - Wrist shot by Wojtek Wolski.
1:26 of 2nd period - Deflect By Vitali Yachmenev.
1:26 of 2nd period - Shot Misses the Net.
1:26 of 2nd period - Puck is out of play.
1:27 of 2nd period - Pavel Datsyuk wins face-off versus Eric Lindros in Oilers zone.
2:37 of 2nd period - Slapshot by Steve Staios.
2:37 of 2nd period - Stopped by Karri Ramo without a rebound.
2:38 of 2nd period - Pavel Datsyuk wins face-off versus Wojtek Wolski in Bruins zone.
2:41 of 2nd period - Snap shot by Patrick Kane.
2:41 of 2nd period - Deflect By Pavel Datsyuk.
2:41 of 2nd period - Shot Blocked by Andrei Markov.
2:41 of 2nd period - Puck is out of play.
2:42 of 2nd period - Eric Lindros wins face-off versus Patrick Kane in Bruins zone.
3:13 of 2nd period - Snap shot by Scottie Upshall.
3:13 of 2nd period - Stopped by Sebastien Caron without a rebound.
3:14 of 2nd period - Sydney Crosby wins face-off versus Jonathan Toews in Oilers zone.
3:39 of 2nd period - Ian White is hit by Vitali Yachmenev and loses puck.
3:57 of 2nd period - Off-side.
3:58 of 2nd period - Olli Jokinen wins face-off versus Matt Hendricks in neutral zone.
4:28 of 2nd period - Slapshot by Patrick Kane.
4:28 of 2nd period - Stopped by Karri Ramo with a rebound.
4:46 of 2nd period - Wrist shot by Scottie Upshall.
4:46 of 2nd period - Shot Misses the Net.
4:48 of 2nd period - Slapshot by Andrei Markov.
4:48 of 2nd period - Stopped by Sebastien Caron without a rebound.
4:49 of 2nd period - Jonathan Toews wins face-off versus Sydney Crosby in Oilers zone.
4:49 of 2nd period - Jonathan Toews is hit by Sydney Crosby.
5:39 of 2nd period - Christian Ehrhoff is hit by Scottie Upshall and loses puck.
5:46 of 2nd period - Snap shot by Sydney Crosby.
5:46 of 2nd period - Stopped by Sebastien Caron without a rebound.
5:47 of 2nd period - Pavel Datsyuk wins face-off versus Eric Lindros in Oilers zone.
6:33 of 2nd period - Zach Bogosian is hit by Wojtek Wolski and loses puck.
7:39 of 2nd period - Wrist shot by Peter Regin.
7:39 of 2nd period - Stopped by Karri Ramo with a rebound.
7:41 of 2nd period - Slapshot by Christian Ehrhoff.
7:41 of 2nd period - Shot Blocked by Matt Hendricks.
7:43 of 2nd period - Snap shot by Peter Regin.
7:43 of 2nd period - Shot Misses the Net.
7:45 of 2nd period - Slapshot by Steve Begin.
7:45 of 2nd period - Stopped by Karri Ramo with a rebound.
8:42 of 2nd period - Snap shot by Peter Regin.
8:42 of 2nd period - Stopped by Karri Ramo with a rebound.
8:44 of 2nd period - Wrist shot by Zach Bogosian.
8:44 of 2nd period - Stopped by Karri Ramo without a rebound.
8:45 of 2nd period - Matt Hendricks wins face-off versus Pavel Datsyuk in Bruins zone.
9:21 of 2nd period - Backhand shot by Ilya Kovalchuk.
9:21 of 2nd period - Stopped by Karri Ramo with a rebound.
9:33 of 2nd period - Vitali Yachmenev is hit by Adam Burish and loses puck.
10:24 of 2nd period - Snap shot by Sydney Crosby.
10:24 of 2nd period - Shot Misses the Net.
10:54 of 2nd period - Adam Burish is hit by Andrei Markov and loses puck.
12:28 of 2nd period - Snap shot by Adam Burish.
12:28 of 2nd period - Shot Blocked by Mark Stuart.
12:44 of 2nd period - Jason Demers is hit by Tomas Fleischmann and loses puck.
13:11 of 2nd period - Ilya Kovalchuk is hit by Matt Cooke.
14:39 of 2nd period - Andrei Markov is hit by Scott Niedermayer and loses puck.
15:18 of 2nd period - Snap shot by Adam Burish.
15:18 of 2nd period - Goal by Adam Burish - Bruins : 2 - Oilers : 1.
15:19 of 2nd period - Pavel Datsyuk wins face-off versus Sydney Crosby in neutral zone.
15:46 of 2nd period - Ryan O'Byrne is hit by Ilya Kovalchuk and loses puck.
16:12 of 2nd period - Backhand shot by Matt Cooke.
16:12 of 2nd period - Stopped by Sebastien Caron without a rebound.
16:13 of 2nd period - Pavel Datsyuk wins face-off versus Eric Lindros in Oilers zone.
16:18 of 2nd period - Slapshot by Rob Scuderi.
16:18 of 2nd period - Deflect By Pavel Datsyuk.
16:18 of 2nd period - Stopped by Karri Ramo without a rebound.
16:19 of 2nd period - Pavel Datsyuk wins face-off versus Eric Lindros in Bruins zone.
16:28 of 2nd period - Wrist shot by Eric Lindros.
16:28 of 2nd period - Stopped by Sebastien Caron with a rebound.
16:32 of 2nd period - Slapshot by Wojtek Wolski.
16:32 of 2nd period - Shot Misses the Net.
16:34 of 2nd period - Snap shot by Wojtek Wolski.
16:34 of 2nd period - Stopped by Sebastien Caron without a rebound.
16:35 of 2nd period - Sydney Crosby wins face-off versus Jonathan Toews in Oilers zone.
16:48 of 2nd period - Wrist shot by Scottie Upshall.
16:48 of 2nd period - Goal by Scottie Upshall - Bruins : 3 - Oilers : 1.
16:49 of 2nd period - Eric Lindros wins face-off versus Pavel Datsyuk in neutral zone.
17:16 of 2nd period - Ilya Kovalchuk is hit by Scottie Upshall and loses puck.
18:01 of 2nd period - Wojtek Wolski is hit by Rob Scuderi and loses puck.
18:29 of 2nd period - Snap shot by Ilya Kovalchuk.
18:29 of 2nd period - Shot Blocked by Scottie Upshall.
18:31 of 2nd period - Wrist shot by Ilya Kovalchuk.
18:31 of 2nd period - Stopped by Karri Ramo with a rebound.
19:31 of 2nd period - Dainius Zubrus is hit by Peter Regin and loses puck.
19:48 of 2nd period - Christoph Schubert is hit by Adam Burish and loses puck.
Goals for this period are 1 for Bruins vs 1 for Oilers.
Shots for this period are 7 for Bruins vs 11 for Oilers.
3rd period
0:01 of 3rd period - Pavel Datsyuk wins face-off versus Eric Lindros in neutral zone.
1:00 of 3rd period - Ryan O'Byrne is hit by Eric Nystrom and loses puck.
1:21 of 3rd period - Andrew Alberts is hit by Lubos Bartecko and loses puck.
1:58 of 3rd period - Zach Bogosian is hit by Matt Cooke and loses puck.
2:21 of 3rd period - Backhand shot by Adam Burish.
2:21 of 3rd period - Shot Blocked by Brian Rafalski.
2:23 of 3rd period - Slapshot by Christian Ehrhoff.
2:23 of 3rd period - Shot Blocked by Brian Rafalski.
3:08 of 3rd period - Off-side.
3:09 of 3rd period - Jonathan Toews wins face-off versus Wojtek Wolski in neutral zone.
4:05 of 3rd period - Off-side.
4:06 of 3rd period - Eric Lindros wins face-off versus Jonathan Toews in neutral zone.
4:11 of 3rd period - Wrist shot by Eric Lindros.
4:11 of 3rd period - Shot Misses the Net.
4:42 of 3rd period - Snap shot by Pavel Datsyuk.
4:42 of 3rd period - Shot Misses the Net.
4:44 of 3rd period - Slapshot by Tomas Fleischmann.
4:44 of 3rd period - Deflect By Pavel Datsyuk.
4:44 of 3rd period - Stopped by Karri Ramo without a rebound.
4:45 of 3rd period - Patrick Kaleta wins face-off versus Vitali Yachmenev in Bruins zone.
4:46 of 3rd period - Snap shot by Ilya Kovalchuk.
4:46 of 3rd period - Shot Misses the Net.
4:48 of 3rd period - Snap shot by Jonathan Toews.
4:48 of 3rd period - Deflect By Patrick Kaleta.
4:48 of 3rd period - Deflect By Eric Lindros.
4:48 of 3rd period - Stopped by Karri Ramo without a rebound.
4:49 of 3rd period - Eric Lindros wins face-off versus Jonathan Toews in Bruins zone.
4:58 of 3rd period - Snap shot by Vitali Yachmenev.
4:58 of 3rd period - Shot Misses the Net.
5:22 of 3rd period - Patrick Kane is hit by Scottie Upshall and loses puck.
5:54 of 3rd period - Viktor Stalberg is hit by Adam Burish and loses puck.
6:19 of 3rd period - Wrist shot by Eric Lindros.
6:19 of 3rd period - Stopped by Sebastien Caron with a rebound.
6:31 of 3rd period - Slapshot by Matt Cooke.
6:31 of 3rd period - Stopped by Sebastien Caron without a rebound.
6:32 of 3rd period - Pavel Datsyuk wins face-off versus Matt Hendricks in Oilers zone.
6:32 of 3rd period - Pavel Datsyuk is hit by Dainius Zubrus.
6:52 of 3rd period - Matt Hendricks is hit by Christian Ehrhoff and loses puck.
7:01 of 3rd period - Slapshot by Patrick Kane.
7:01 of 3rd period - Deflect By Pavel Datsyuk.
7:01 of 3rd period - Shot Blocked by Mark Stuart.
7:01 of 3rd period - Puck is out of play.
7:02 of 3rd period - Eric Lindros wins face-off versus Ilya Kovalchuk in Bruins zone.
7:28 of 3rd period - Steve Staios is hit by Ryan O'Byrne and loses puck.
7:38 of 3rd period - Minor Penalty to Victor Oreskovich for Hooking.
7:39 of 3rd period - Pavel Datsyuk wins face-off versus Wojtek Wolski in Bruins zone.
7:50 of 3rd period - Slapshot by Patrick Kane.
7:50 of 3rd period - Shot Blocked by Andrew Alberts.
7:52 of 3rd period - Wrist shot by Pavel Datsyuk.
7:52 of 3rd period - Shot Misses the Net.
7:54 of 3rd period - Snap shot by Patrick Kane.
7:54 of 3rd period - Goal by Patrick Kane - Bruins : 3 - Oilers : 2.
7:55 of 3rd period - Pavel Datsyuk wins face-off versus Eric Lindros in neutral zone.
8:52 of 3rd period - Wrist shot by Scottie Upshall.
8:52 of 3rd period - Shot Misses the Net.
8:54 of 3rd period - Snap shot by Victor Oreskovich.
8:54 of 3rd period - Goal by Victor Oreskovich - Bruins : 4 - Oilers : 2.
8:54 of 3rd period - Cam Ward enters game.
8:55 of 3rd period - Jonathan Toews wins face-off versus Eric Lindros in neutral zone.
9:00 of 3rd period - Brian Rafalski is hit by Scott Niedermayer and loses puck.
9:10 of 3rd period - Off-side.
9:11 of 3rd period - Sydney Crosby wins face-off versus Peter Regin in neutral zone.
9:27 of 3rd period - Snap shot by Rob Scuderi.
9:27 of 3rd period - Stopped by Karri Ramo with a rebound.
9:33 of 3rd period - Minor Penalty to Victor Oreskovich for Interference.
9:34 of 3rd period - Jonathan Toews wins face-off versus Wojtek Wolski in Bruins zone.
9:39 of 3rd period - Snap shot by Patrick Kaleta.
9:39 of 3rd period - Shot Misses the Net.
9:41 of 3rd period - Slapshot by Jonathan Toews.
9:41 of 3rd period - Goal by Jonathan Toews - Bruins : 4 - Oilers : 3.
9:42 of 3rd period - Jonathan Toews wins face-off versus Eric Lindros in neutral zone.
9:48 of 3rd period - Snap shot by Patrick Kaleta.
9:48 of 3rd period - Goal by Patrick Kaleta - Bruins : 4 - Oilers : 4.
9:49 of 3rd period - Eric Lindros wins face-off versus Jonathan Toews in neutral zone.
10:15 of 3rd period - Patrick Kane is hit by Victor Oreskovich and loses puck.
10:37 of 3rd period - Wrist shot by Adam Burish.
10:37 of 3rd period - Stopped by Karri Ramo with a rebound.
10:39 of 3rd period - Slapshot by Christian Ehrhoff.
10:39 of 3rd period - Deflect By Eric Nystrom.
10:39 of 3rd period - Stopped by Karri Ramo without a rebound.
10:40 of 3rd period - Matt Hendricks wins face-off versus Jonathan Toews in Bruins zone.
10:55 of 3rd period - Dainius Zubrus is hit by Steve Staios and loses puck.
11:06 of 3rd period - Ryan O'Byrne is hit by Tomas Fleischmann and loses puck.
11:27 of 3rd period - Eric Nystrom is hit by Victor Oreskovich and loses puck.
11:51 of 3rd period - Off-side.
11:52 of 3rd period - Jonathan Toews wins face-off versus Matt Hendricks in neutral zone.
13:04 of 3rd period - Backhand shot by Eric Lindros.
13:04 of 3rd period - Stopped by Cam Ward with a rebound.
13:10 of 3rd period - Minor Penalty to Olli Jokinen for Hooking.
13:11 of 3rd period - Pavel Datsyuk wins face-off versus Eric Lindros in Oilers zone.
13:43 of 3rd period - Snap shot by Scottie Upshall.
13:43 of 3rd period - Shot Misses the Net.
13:45 of 3rd period - Snap shot by Scottie Upshall.
13:45 of 3rd period - Shot Blocked by Rob Scuderi.
13:55 of 3rd period - Rob Scuderi is hit by Vitali Yachmenev and loses puck.
15:10 of 3rd period - Penalty to Olli Jokinen is over, Olli Jokinen is back on ice.
15:16 of 3rd period - Off-side.
15:17 of 3rd period - Jonathan Toews wins face-off versus Matt Hendricks in neutral zone.
15:45 of 3rd period - Minor Penalty to Vitali Yachmenev for Hooking.
15:46 of 3rd period - Patrick Kaleta wins face-off versus Wojtek Wolski in Bruins zone.
15:46 of 3rd period - Snap shot by Ilya Kovalchuk.
15:46 of 3rd period - Shot Misses the Net.
15:48 of 3rd period - Slapshot by Scott Niedermayer.
15:48 of 3rd period - Shot Blocked by Andrew Alberts.
15:50 of 3rd period - Slapshot by Ilya Kovalchuk.
15:50 of 3rd period - Stopped by Karri Ramo without a rebound.
15:51 of 3rd period - Jonathan Toews wins face-off versus Wojtek Wolski in Bruins zone.
16:00 of 3rd period - Wrist shot by Ilya Kovalchuk.
16:00 of 3rd period - Stopped by Karri Ramo with a rebound.
16:02 of 3rd period - Wrist shot by Ilya Kovalchuk.
16:02 of 3rd period - Goal by Ilya Kovalchuk - Bruins : 4 - Oilers : 5.
16:03 of 3rd period - Wojtek Wolski wins face-off versus Tomas Fleischmann in neutral zone.
16:05 of 3rd period - Off-side.
16:06 of 3rd period - Wojtek Wolski wins face-off versus Pavel Datsyuk in neutral zone.
16:13 of 3rd period - Slapshot by Brian Rafalski.
16:13 of 3rd period - Deflect By Viktor Stalberg.
16:13 of 3rd period - Stopped by Cam Ward without a rebound.
16:14 of 3rd period - Pavel Datsyuk wins face-off versus Wojtek Wolski in Oilers zone.
16:23 of 3rd period - Wrist shot by Patrick Kane.
16:23 of 3rd period - Shot Misses the Net.
16:25 of 3rd period - Backhand shot by Tomas Fleischmann.
16:25 of 3rd period - Shot Misses the Net.
16:27 of 3rd period - Wrist shot by Pavel Datsyuk.
16:27 of 3rd period - Shot Blocked by Wojtek Wolski.
16:29 of 3rd period - Wrist shot by Christian Ehrhoff.
16:29 of 3rd period - Stopped by Karri Ramo with a rebound.
16:41 of 3rd period - Scottie Upshall is hit by Patrick Kaleta.
16:42 of 3rd period - Icing by Scottie Upshall.
16:43 of 3rd period - Jonathan Toews wins face-off versus Sydney Crosby in Bruins zone.
17:08 of 3rd period - Snap shot by Viktor Stalberg.
17:08 of 3rd period - Stopped by Cam Ward without a rebound.
17:09 of 3rd period - Pavel Datsyuk wins face-off versus Wojtek Wolski in Oilers zone.
17:16 of 3rd period - Viktor Stalberg is hit by Pavel Datsyuk and loses puck.
18:15 of 3rd period - Snap shot by Steve Staios.
18:15 of 3rd period - Stopped by Karri Ramo without a rebound.
18:16 of 3rd period - Matt Hendricks wins face-off versus Pavel Datsyuk in Bruins zone.
18:16 of 3rd period - Matt Hendricks is hit by Pavel Datsyuk.
18:34 of 3rd period - Slapshot by Patrick Kane.
18:34 of 3rd period - Stopped by Karri Ramo without a rebound.
18:35 of 3rd period - Jonathan Toews wins face-off versus Wojtek Wolski in Bruins zone.
18:53 of 3rd period - Minor Penalty to Viktor Stalberg for Tripping.
18:54 of 3rd period - Tomas Fleischmann wins face-off versus Wojtek Wolski in Bruins zone.
18:56 of 3rd period - Wrist shot by Patrick Kane.
18:56 of 3rd period - Shot Blocked by Eric Lindros.
18:58 of 3rd period - Slapshot by Christian Ehrhoff.
18:58 of 3rd period - Stopped by Karri Ramo without a rebound.
18:59 of 3rd period - Randy Carlyle call a timeout for Bruins.
18:59 of 3rd period - Tomas Fleischmann wins face-off versus Wojtek Wolski in Bruins zone.
Goals for this period are 1 for Bruins vs 4 for Oilers.
Shots for this period are 6 for Bruins vs 15 for Oilers.
Output by the SimonT Hockey Simulator (STHS) for François Prévost -- Original Page W3C XHTML 1.0 Valid